 Dungeon Crawl Stone Soup version 0.19.4-8-ga85b6b9 (webtiles) character file.

49 empire the Cudgeler (level 3, 0/29 HPs)
             Began as a Mummy Fighter on Feb 10, 2017.
             Slain by a worker ant (3 damage)
             ... on level 3 of the Dungeon.
             The game lasted 00:03:34 (1639 turns).

empire the Cudgeler (Mummy Fighter)                 Turns: 1639, Time: 00:03:35

Health: 0/29       AC:  6    Str: 20    XL:     3   Next: 51%
Magic:  3/3        EV:  6    Int:  7    God:
Gold:   104        SH:  8    Dex: 11    Spells: 0 memorised, 2 levels left

rFire  x . .     SeeInvis .     a - +0 flail
rCold  + . .     Gourm    .     b - +0 scale mail
rNeg   + + +     Faith    .     c - +0 shield
rPois  ∞         Spirit   .     (no helmet)
rElec  .         Reflect  .     (no cloak)
rCorr  .         Harm     .     (no gloves)
MR     .....                    (no boots)
Stlth  ..........               (no amulet)
                                (no ring)
                                (no ring)

@: heavily drained
A: no food or potions, fire vulnerability, cold resistance 1, negative energy
resistance 3, torment resistance, unbreathing
a: no special abilities


You were on level 3 of the Dungeon.
You were not hungry.

You visited 1 branch of the dungeon, and saw 3 of its levels.

You collected 104 gold pieces.

Inventory:

Hand Weapons
 a - a +0 flail (weapon)
Armour
 b - a +0 scale mail (worn)
 c - a +0 shield (worn)
 l - a +0 pair of gloves
Jewellery
 d - an uncursed amulet of harm
 i - an uncursed ring of poison resistance
Scrolls
 e - a scroll of enchant armour {unknown}
 f - 3 scrolls of identify {unknown}
 g - 2 scrolls of fear {unknown}
 h - a scroll of random uselessness {unknown}
 j - a scroll of teleportation {unknown}
 k - 2 scrolls of blinking {unknown}
 m - a scroll of noise {unknown}


   Skills:
 - Level 3.0(1.7) Fighting
 + Level 3.2(2.0) Maces & Flails
 - Level 2.4(1.2) Armour
 - Level 2.4(1.2) Shields


You had 2 spell levels left.
You didn't know any spells.

Dungeon Overview and Level Annotations

Branches:
Dungeon (3/15)

Altars:


Innate Abilities, Weirdness & Mutations

You do not eat or drink.
Your flesh is vulnerable to fire.
You are immune to poison.
Your flesh is cold resistant. (rC+)
You are immune to negative energy. (rN+++)
You are immune to unholy pain and torment.
You can survive without breathing.


Message History

* * * LOW HITPOINT WARNING * * *
You block the worker ant's attack.
You hit the worker ant but do no damage.
The worker ant is heavily wounded.
The worker ant bites you but does no damage.
The worker ant closely misses you.
You hit the worker ant but do no damage.
The worker ant is heavily wounded.
The worker ant bites you.
* * * LOW HITPOINT WARNING * * *
You hit the worker ant.
The worker ant is severely wounded.
The worker ant bites you but does no damage.
The worker ant closely misses you.
There is a stone staircase leading up here.
You block the worker ant's attack.
You hit the worker ant.
The worker ant is severely wounded.
The worker ant barely misses you. The worker ant bites you.
You die...

..#.# ...#### #....#
#....# #....#
#.....#.##
#######.######
########..<.†.........
#.....@a.#####.######.
#.######## #.# #.# #.#
#.# #.# .#


You could see a worker ant.

Vanquished Creatures
  An adder (D:2)
  A dart slug (D:1)
  6 bats
  3 giant cockroaches
  A goblin (D:1)
  8 hobgoblins
  4 jackals (D:2)
  4 kobolds
  A quokka (D:3)
  A frilled lizard (D:1)
  2 rats
32 creatures vanquished.

Notes
Turn   | Place    | Note
-------+----------+-------------------------------------------
     0 | D:1      | empire the Mummy Fighter began the quest for the Orb.
     0 | D:1      | Reached XP level 1. HP: 18/18 MP: 1/1
     2 | D:1      | Noticed an elf
     2 | D:1      | Noticed a centaur
     4 | D:1      | Noticed a felid
     6 | D:1      | Noticed a halfling
     8 | D:1      | Noticed an octopode
     8 | D:1      | Noticed a demonspawn
    10 | D:1      | Noticed a gargoyle
    10 | D:1      | Noticed a tengu
    12 | D:1      | Noticed a vampire
    12 | D:1      | Noticed a troll
    14 | D:1      | Noticed a human
    14 | D:1      | Noticed a minotaur
    16 | D:1      | Noticed a vine stalker
    16 | D:1      | Noticed a dwarf
    18 | D:1      | Noticed a merfolk
    18 | D:1      | Noticed a spriggan
    20 | D:1      | Noticed a ghoul
    20 | D:1      | Noticed a demigod
    22 | D:1      | Noticed a naga
    24 | D:1      | Noticed an ogre
    24 | D:1      | Noticed a formicid
    26 | D:1      | Noticed a draconian
   107 | D:1      | Reached XP level 2. HP: 22/24 MP: 2/2
   705 | D:2      | HP: 1/24 [adder (4)]
   709 | D:2      | Reached XP level 3. HP: 2/29 MP: 3/3
  1639 | D:3      | Slain by a worker ant

Skill      XL: |  1  2  3 |
---------------+----------+-----
Maces & Flails | 2 3 |  3.2
Fighting       | |  3.0
Armour         | |  2.4
Shields        | |  2.4

Action                   || total
-------------------------++-------
Melee: Flail             ||   172
Armor: Scale mail        ||   107
Dodge: Dodged            ||    64
Block: Shield            ||    96
